 Dungeon Sprint DCSS version 0.20.1-1-g8b1a95d (webtiles) character file.

357 potatolord6000 the Sneak (level 6, -4/62 HPs)
             Began as a Deep Dwarf Fighter on Aug 25, 2017.
             Engulfed by a cloud of steam (8 damage)
             ... in the Dungeon (Sprint II: "The Violet Keep of Menkaure").
             The game lasted 00:00:40 (65 turns).

potatolord6000 the Sneak (Deep Dwarf Fighter)         Turns: 65, Time: 00:00:40

Health: -4/62      AC:  4    Str: 20    XL:     6   Next: 36%
Magic:  6/12       EV:  8    Int:  6    God:
Gold:   243        SH: 10    Dex: 12    Spells: 13/13 levels left

rFire    . . .     SeeInvis .   a - +0 war axe
rCold    . . .     Gourm    .   c - +0 shield
rNeg     . . .     Faith    .   b - +0 scale mail
rPois    .         Spirit   .   (no helmet)
rElec    .         Reflect  .   (no cloak)
rCorr    .         Harm     .   (no gloves)
MR       .....     NoTele   +   (no boots)
Stlth    +.........             (no amulet)
Regen    0.0/turn               (no ring)
MPRegen  0.2/turn               (no ring)

@: non-regenerating, very slow
A: damage resistance, heal wounds, deformed body, dopey 1, sense surroundings 1,
weak 1, no potion heal 1, no regeneration
a: Heal Wounds


You were in the Dungeon.
You were not hungry.

You visited 1 branch You collected 243 gold pieces.

Inventory:

Hand Weapons
 a - a +0 war axe (weapon)
Armour
 b - a +0 scale mail (worn)
 c - a +0 shield (worn)
Scrolls
 k - a scroll of blinking
Potions
 d - a potion of might
 e - a potion of curing
 g - a potion of heal wounds
 i - 2 potions of magic
 j - a potion of berserk rage
Comestibles
 f - a bread ration


   Skills:
 + Level 5.7 Fighting
 + Level 6.5 Axes
 + Level 6.9 Armour
 + Level 7.2 Stealth
 + Level 6.9 Shields
 + Level 4.4 Spellcasting


You had 13 spell levels left.
You didn't know any spells.

Dungeon Overview and Level Annotations

Branches:
Dungeon (1/1)

Altars:


Innate Abilities, Weirdness & Mutations

You are resistant to damage.
You can heal yourself by infusing magical energy.
You passively map a small area around you.
You do not regenerate.
Armour fits poorly on your strangely shaped body.
You are dopey. (Int -2)
You are weak. (Str -2)
Potions are less effective at restoring your health.


Message History

Really walk into a travel-excluded area? [Y]es or [N]o only, please.
Really walk into a travel-excluded area?
You enter the shallow water.
Moving in this stuff is going to be slow.
You are engulfed in a cloud of scalding steam.
* * * LOW HITPOINT WARNING * * *
Really walk into that cloud of steam? [Y]es or [N]o only, please.
Really walk into that cloud of steam? [Y]es or [N]o only, please.
Really walk into that cloud of steam? [Y]es or [N]o only, please.
Really walk into that cloud of steam? [Y]es or [N]o only, please.
Really walk into that cloud of steam?
Okay, then.
Really walk into that cloud of steam?
You are engulfed in a cloud of scalding steam.
You die...

.w w.* ,..# , ≈ *
.#$ ##*..## * , *
#+#*#.##..# * *
##.###..#..# , , +
* +.<.'##.'..###*
, ≈
*##.##.#.#....###.
* #+###.##...§..≈≈
≈ ###≈≈§§...≈# * ≈
***,#≈≈§@≈§≈..≈# ,
, + * *,*
*#≈≈≈§≈§≈≈§≈#
*#≈≈≈≈§§≈§†§≈# _
≈≈≈≈≈≈§≈≈§≈≈≈≈# ,
, , +
#+++#≈§≈≈≈§§≈≈# ≈
≈≈##≈§≈###§≈# _ ≈
≈ ##§§# *≈≈# ≈ ≈≈≈
≈# , * ≈ ≈ *


There were no monsters in sight!

Vanquished Creatures
  3 neqoxecs (D)
3 creatures vanquished.

Vanquished Creatures (others)
  A crocodile (D)
1 creature vanquished.

Grand Total: 4 creatures vanquished

Notes
Turn   | Place    | Note
-------+----------+-------------------------------------------
     0 | D        | potatolord6000 the Deep Dwarf Fighter began the quest for the Orb.
     0 | D        | Reached XP level 1. HP: 20/20 MP: 1/1
     1 | D        | Noticed a tyrant leech
     1 | D        | Noticed a tyrant leech
     5 | D        | Noticed a neqoxec
    10 | D        | Noticed a neqoxec
    19 | D        | Killed a neqoxec
    19 | D        | Reached skill level 5 in Armour
    19 | D        | Reached skill level 5 in Stealth
    19 | D        | Reached skill level 5 in Shields
    19 | D        | Reached XP level 2. HP: 29/31 MP: 1/5
    19 | D        | Reached XP level 3. HP: 35/37 MP: 1/7
    19 | D        | Reached XP level 4. HP: 42/45 MP: 1/8
    24 | D        | Gained mutation: Armour fits poorly on your strangely shaped body. [a neqoxec]
    28 | D        | Gained mutation: Potions are less effective at restoring your health. [a neqoxec]
    38 | D        | Gained mutation: You are weak. (Str -2) [a neqoxec]
    46 | D        | Killed a neqoxec
    46 | D        | Reached skill level 5 in Fighting
    46 | D        | Reached skill level 5 in Axes
    46 | D        | Reached skill level 6 in Stealth
    46 | D        | Reached XP level 5. HP: 18/52 MP: 4/10
    50 | D        | Killed a crocodile
    52 | D        | Noticed a neqoxec
    61 | D        | Gained mutation: You are dopey. (Int -2) [a neqoxec]
    62 | D        | Killed a neqoxec
    62 | D        | Reached skill level 7 in Stealth
    62 | D        | Reached XP level 6. HP: 15/62 MP: 6/12
    65 | D        | Engulfed by a cloud of steam

Skill      XL: |  1  2  3  4  5 |
---------------+----------------+-----
Fighting       | 4 5 |  5.7
Axes           | 4 5 6 |  6.5
Armour         | 5 6 |  6.9
Stealth        | 5 6 7 |  7.2
Shields        | 5 6 |  6.9
Spellcasting   | 2 3 4 |  4.4

Action                   |  1- 3 |  4- 6 || total
-------------------------+-------+-------++-------
Melee: War axe           |    12 |    35 ||    47
  Use: Potion            |     1 |       ||     1
Armor: Scale mail        |       |     4 ||     4
Dodge: Dodged            |     3 |     7 ||    10
Block: Shield            |     5 |    13 ||    18
